 Dungeon Crawl Stone Soup version 0.32-a0-931-g5a2cda0630 (webtiles) character file.

Game seed: 5746620939712982902

193 mitya21 the Changeling (level 5, -5/37 HPs)
             Began as a Demonspawn Shapeshifter on Apr 13, 2024.
             Slain by a gnoll
             ... wielding a +0 spear
              (6 damage)
             ... on level 6 of the Dungeon.
             The game lasted 00:04:44 (2018 turns).

mitya21 the Changeling (Demonspawn Shapeshifter)    Turns: 2018, Time: 00:04:45

Health: -5/37      AC:  2    Str: 15    XL:     5   Next: 43%
Magic:  5/5        EV: 11    Int: 10    God:
Gold:   152        SH:  0    Dex: 14    Spells: 4/4 levels left

rFire   . .          .
                       - Unarmed
rCold   . . .        (no shield)
rNeg    . . .        a - +0 animal skin
rPois   .            (helmet currently unavailable)
rElec   .            (cloak currently unavailable)
rCorr   .            (gloves currently unavailable)
SInv    .            (boots currently unavailable)
Will    .....        (no amulet)
Stlth   +            (no ring)
HPRegen 0.26/turn    (no ring)
MPRegen 0.09/turn

%: no passive effects
@: beast-form
A: beast (slay +2), spiny 1, demonic touch 2
a: Begin Untransformation


You were on level 6 of the Dungeon.
You were a hulking beast.
You visited 1 branch of the dungeon, and saw 4 of its levels.

You collected 152 gold pieces.

Inventory:

Armour
 a - a +0 animal skin (worn)
Talismans
 c - a beast talisman (active)
 d - a flux talisman
Scrolls
 e - 2 scrolls of teleportation
 f - 2 scrolls of enchant weapon {unknown}
 i - a scroll of fog {unknown}
 j - a scroll of enchant armour {unknown}
 k - a scroll of fear {unknown}
Potions
 b - a potion of lignification
 g - 2 potions of mutation
 l - a potion of might {unknown}


   Skills:
 + Level 1.1 Fighting
 - Level 1.7 Dodging
 + Level 4.2 Unarmed Combat
 * Level 4.3 Shapeshifting


You had 4 spell levels left.
You didn't know any spells.
Your spell library contained the following spells:

 Spells                   Type           Power      Damage    Failure   Level
 Freeze                   Ice            0%         1d3       36%         1
 Kiss of Death            Conj/Necr      0%         2d5       36%         1
 Confusing Touch          Hex            0%         N/A       75%         3
 Frozen Ramparts          Ice            0%         1d1       75%         3
 Hailstorm                Conj/Ice       0%         3d5       75%         3
 Dispel Undead            Necr           0%         3d6       98%         4


Dungeon Overview and Level Annotations

Branches:
Dungeon (3/15)

Altars:
Sif Muna


Innate Abilities, Weirdness & Mutations

You are a hulking beast.
Your limbs bulge with bestial killing power. (Slay +2)
You are partially covered in sharp spines.
Your touch may inflict irresistible damage on your foes.


Message History

You start waiting.
A gnoll is nearby!
The gnoll shouts! x2; You hear a shout!
You hear an angry hiss.
You hear a shout!
The gnoll is struck by your spines.
The gnoll hits you with a +0 short sword.
You see here a +0 ring mail.
You hit the gnoll.
The gnoll is severely wounded.
The gnoll hits you but does no damage.
The adder hisses angrily.
You hit the gnoll.
You kill the gnoll!
The gnoll attacks as it pursues you! The gnoll closely misses you.
An orc wizard comes into view. It is wielding a +0 dagger.
The gnoll closely misses you. The gnoll barely misses you.
The gnoll is struck by your spines. The gnoll barely misses you.
You see here a +0 ring mail.
You barely miss the gnoll. Your touch misses the gnoll.
The gnoll is moderately wounded.
The gnoll hits you from afar with a +0 spear!
The gnoll hits you from afar with a +0 spear.
The gnoll hits you with a +0 spear!
You barely miss the gnoll.
The gnoll is moderately wounded.
The gnoll barely misses you. x2
You hit the gnoll.
The gnoll is severely wounded.
The gnoll hits you with a +0 spear.
You hit the gnoll.
You kill the gnoll!
The gnoll hits you from afar with a +0 spear.
* * * LOW HITPOINT WARNING * * *
The gnoll closely misses you.
The gnoll hits you from afar with a +0 spear.
* * * LOW HITPOINT WARNING * * *
The adder completely misses you. The gnoll hits you with a +0 spear!
* * * LOW HITPOINT WARNING * * *
The gnoll is struck by your spines. The gnoll hits you with a +0 spear.
You die...

#.....#
'..)..#
#....#
#....####+#
#.........#
###.#)#####
...#[####
###.#..Sg#
#.###h##
#....g#
#######


You could see 2 gnolls and an adder.

Vanquished Creatures
  An ogre (D:6)
  2 gnolls (D:6)
  3 adders
  A dart slug (D:1)
  2 orcs
  7 bats
  5 endoplasms
  4 giant cockroaches
  7 goblins (D:1)
  6 hobgoblins
  A quokka (D:2)
  6 ball pythons
  3 frilled lizards
  4 kobolds
  10 rats
62 creatures vanquished.

Notes
Turn   | Place    | Note
-------+----------+-------------------------------------------
     0 | D:1      | mitya21 the Demonspawn Shapeshifter began the quest for the
                  | Orb.
     0 | D:1      | Reached XP level 1. HP: 15/15 MP: 1/1
   232 | D:1      | Gained mutation: Your touch may inflict minor irresistible
                  | damage on your foes. [demonic ancestry]
   232 | D:1      | Reached XP level 2. HP: 10/21 MP: 2/2
   475 | D:1      | Gained mutation: Your touch may inflict irresistible damage
                  | on your foes. [demonic ancestry]
   475 | D:1      | Reached XP level 3. HP: 22/26 MP: 3/3
  1137 | D:2      | Gained mutation: You are partially covered in sharp spines.
                  | [demonic ancestry]
  1137 | D:2      | Reached XP level 4. HP: 32/32 MP: 4/4
  1765 | D:3      | Found a shimmering blue altar of Sif Muna.
  1877 | D:3      | You fall into a shaft and drop 3 floors!
  1878 | D:6      | Noticed an ogre
  1886 | D:6      | Killed an ogre
  1887 | D:6      | Reached XP level 5. HP: 37/37 MP: 5/5
  2018 | D:6      | HP: 1/37 [gnoll/+0 spear (7)]
  2018 | D:6      | Slain by a gnoll

Illustrated notes

Levels and vault maps discovered:
D:1:      mrwooster_arrival_statue_2, layout_basic, st_stairs_10, hex_tiny
D:2:      minmay_chambers_of_twos, layout_basic
D:3:      layout_loops_ring, mainiacjoe_overflow_tiny_flanked
D:6:      dreamdust_elfheim, layout_basic, general_overflow_altar, serial_shops,
          kennysheep_little_box, uniq_jeremiah

Skill      XL: |  1  2  3  4 |
---------------+-------------+-----
Shapeshifting  | 3 4 |  4.3
Unarmed Combat | 3 4 |  4.2
Fighting       | |  1.1
Dodging        | |  1.7

Action                     |  1- 3 |  4- 6 || total
---------------------------+-------+-------++-------
  Melee: Unarmed           |    94 |    26 ||   120
         Punch             |     2 |       ||     2
         Touch             |    11 |     2 ||    13
    Use: Scroll            |     3 |       ||     3
         Potion            |       |     1 ||     1
   Stab: Sleeping          |     2 |     3 ||     5
 Armour: Animal skin       |    46 |    16 ||    62
  Dodge: Dodged            |    54 |    17 ||    71

Table legend: (Time is in decaauts)
 A = Elapsed time spent in this place.
 B = Non-inter-level travel time spent in this place.
 C = Inter-level travel time spent in this place.
 D = Time resting spent in this place.
 E = Time spent auto-exploring this place.
 F = Levels seen in this place.
 G = Mean time per level.
                   A        B        C        D        E       F      G
               +--------+--------+--------+--------+--------+-----+--------+
         Total |   2021 |   1983 |     38 |    107 |   1541 |   4 |  505.2 |
       Dungeon |   2021 |   1983 |     38 |    107 |   1541 |   4 |  505.2 |
               +--------+--------+--------+--------+--------+-----+--------+

Top non-repeatable levels by time:
     D:1: 720 daAuts
     D:2: 623 daAuts
     D:3: 526 daAuts
     D:6: 151 daAuts
